 Dungeon Crawl Stone Soup version 0.24.0-13-gcf9b319 (webtiles) character file.

Game seed: 4358719154319209251, levelgen mode: deterministic

841 recordrepeat the Chopper (level 8, 0/61 HPs)
             Began as a Hill Orc Monk on Jan 29, 2020.
             Slain by an ogre
             ... wielding a +0 giant club
              (14 damage)
             ... on level 6 of the Dungeon on Jan 30, 2020.
             The game lasted 00:22:47 (5225 turns).

recordrepeat the Chopper (Hill Orc Monk)            Turns: 5225, Time: 00:22:48

Health: 0/61       AC:  9    Str: 16    XL:     8   Next: 0%
Magic:  17/17      EV:  4    Int: 10    God:
Gold:   320        SH: 13    Dex: 13    Spells: 7/7 levels left

rFire    . . .     SeeInvis .   h - +8 dagger of Discomfort {pain, +Fly rPois}
rCold    . . .     Gourm    .   r - +0 large shield (curse)
rNeg     . . .     Faith    .   u - +0 chain mail
rPois    +         Spirit   .   (helmet restricted)
rElec    .         Reflect  .   (no cloak)
rCorr    .         Harm     .   (no gloves)
MR       +....                  (no boots)
Stlth    ..........             (no amulet)
HPRegen  0.00/turn              x - ring of magical power
MPRegen  0.15/turn              o - ring of stealth

@: no status effects
A: horns 1, frail 1, magic resistance 1, inhibited regeneration
a: Evoke Flight


You were on level 6 of the Dungeon.
You were not hungry.

You visited 1 branch of the dungeon, and saw 7 of its levels.

You collected 320 gold pieces.

Inventory:

Hand Weapons
 h - the +8 dagger of Discomfort (weapon) {pain, +Fly rPois}
   (You found it on level 5 of the Dungeon)

   In the hands of one skilled in necromantic magic, it inflicts extra damage on
   living creatures.
   It protects you from poison.
   It lets you fly.
 l - a +1 hand axe of chopping
 q - the +4 spear "Uhyt" {holy, *Noise +Blink rElec Str-3}
   (You found it on level 4 of the Dungeon)

   It has been blessed by the Shining One to cause great damage to the undead
   and demons.
   It affects your strength (-3).
   It insulates you from electricity.
   It lets you blink.
   It may make noises in combat.
Armour
 r - a cursed +0 large shield (worn)
 s - a cursed +0 helmet
 u - a +0 chain mail (worn)
Jewellery
 n - an uncursed ring of protection from fire
 o - a ring of stealth (right hand)
 x - a ring of magical power (left hand)
Scrolls
 a - 2 scrolls of fear {unknown}
 b - a scroll of fog {unknown}
 g - 2 scrolls of remove curse
 i - 3 scrolls of amnesia
 k - 3 scrolls of enchant armour
 m - 2 scrolls of immolation {unknown}
 p - 5 scrolls of teleportation
 t - 2 scrolls of noise {unknown}
 v - a scroll of random uselessness {unknown}
 y - a scroll of identify
 B - a scroll of enchant weapon {unknown}
Potions
 d - 3 potions of curing
 e - a potion of cancellation
 f - 3 potions of brilliance
 j - a potion of heal wounds
 w - a potion of might {unknown}
 z - a potion of invisibility
Comestibles
 c - 10 rations
 A - 2 chunks of flesh


   Skills:
 + Level 5.2 Fighting
 + Level 2.0 Short Blades
 + Level 6.9 Axes
 + Level 3.8 Armour
 + Level 3.2 Dodging
 + Level 2.1 Stealth
 + Level 4.3 Shields


You had 7 spell levels left.
You didn't know any spells.
Your spell library contained the following spells:

 Spells                   Type           Power        Failure   Level  Hunger
 Magic Dart               Conj           #...         100%        1    ##.....
 Blink                    Tloc           N/A          100%        2    ###....
 Call Imp                 Summ           #.......     100%        2    ###....
 Slow                     Hex            #.......     100%        2    ###....
 Call Canine Familiar     Summ           #.......     100%        3    ####...
 Conjure Flame            Conj/Fire      #.......     100%        3    ####...
 Mephitic Cloud           Conj/Pois/Air  #.......     100%        3    ####...
 Recall                   Summ/Tloc      N/A          100%        3    ####...
 Airstrike                Air            #.........   100%        4    #####..
 Silence                  Hex/Air        #.........   100%        5    ######.
 Summon Forest            Summ/Tloc      #.........   100%        5    ######.


Dungeon Overview and Level Annotations

Branches:
Dungeon (7/15)             Temple (0/1) D:6

Altars:

Annotations:
D:5 2 transporters, Warden6's ghost, novice GrEE


Innate Abilities, Weirdness & Mutations

You have a pair of small horns on your head.
You are frail. (-10% HP)
You are resistant to hostile enchantments. (MR+)
You do not regenerate when monsters are visible.


Message History

You block the gnoll's attack. x2
There is a stone staircase leading up, spattered with blood here.
You block the gnoll's attack. x2; The ogre hits you with a +0 giant club.
* * * LOW HITPOINT WARNING * * *
The gnoll hits you but does no damage.
You climb upwards.
There is a stone staircase leading down here.
The gnoll hits you but does no damage. You block the gnoll's attack.
You feel better.
You hit the ogre.
The ogre is moderately wounded.
The ogre hits you with a +0 giant club.
* * * LOW HITPOINT WARNING * * *
The gnoll hits you from afar with a +0 spear.
* * * LOW HITPOINT WARNING * * *
Your shield and chain mail prevent you from hitting the ogre.
The ogre is moderately wounded.
The ogre hits you with a +0 giant club!
You die...

#.......................).....# #
#.............................# #
##.#.####.##.#.#..#.#.#.####### #
..........##.#.#..#.#.#+## #
.....#######.#.#..#.#....# #
..........##.#.#>g.......# #
..........##.#...O.......# #
.⌠..#.....##.######.#....# #
....##....##.#..@Og.#....########
#.#..##...##.#.######[#'###......
#.##..##..##.#.# #.#.# #......
...##.....##.#.# #.#.# #......
.>....⌠......#.# #.#.# #......
...##.....####.# #.#.# #######
#.##..##..# #.######.#'###### #
#.#..##..## #.#.............# #
....##..## #.#.####........# #


You could see an ogre and a gnoll.

Vanquished Creatures
  An ice beast (D:6)
  A phantom (D:4)
  A centaur (D:6)
  2 bullfrogs (D:6)
  A scorpion (D:5)
  A howler monkey (D:4)
  A crimson imp (D:5)
  A quasit (D:6)
  2 iguanas (D:4)
  2 orc wizards
  A worker ant (D:6)
  Robin (D:3)
  6 adders
  2 oozes
  An adder skeleton (D:4)
  2 dart slugs
  4 leopard geckos
  9 orcs
  2 ball pythons
  5 bats
  7 giant cockroaches
  18 goblins
  10 hobgoblins
  4 jackals
  4 quokkas
  2 frilled lizards
  10 kobolds
  8 rats
109 creatures vanquished.

Notes
Turn   | Place    | Note
-------+----------+-------------------------------------------
     0 | D:1      | recordrepeat the Hill Orc Monk began the quest for the Orb.
     0 | D:1      | Reached XP level 1. HP: 19/19 MP: 1/1
   167 | D:1      | Reached XP level 2. HP: 21/27 MP: 2/2
   648 | D:1      | Reached XP level 3. HP: 33/33 MP: 3/3
  1519 | D:2      | You fall into a shaft and drop 1 floor!
  1683 | D:2      | Reached skill level 5 in Axes
  1693 | D:2      | Reached XP level 4. HP: 31/40 MP: 4/4
  2007 | D:2      | Reached skill level 1 in Armour
  2202 | D:3      | Noticed Robin
  2232 | D:3      | Killed Robin
  2232 | D:3      | Reached XP level 5. HP: 26/47 MP: 5/5
  3189 | D:4      | Reached skill level 6 in Axes
  3205 | D:4      | Reached skill level 1 in Shields
  3207 | D:4      | Noticed a phantom
  3236 | D:4      | Reached XP level 6. HP: 28/53 MP: 6/6
  3256 | D:4      | Killed a phantom
  3485 | D:4      | Noticed a two-headed ogre
  3503 | D:5      | Entered Level 5 of the Dungeon
  3507 | D:5      | Got an ancient dagger
  3508 | D:5      | Identified the +8 dagger of Discomfort {pain, +Fly rPois}
                  | (You found it on level 5 of the Dungeon)
  3514 | D:5      | Noticed Warden6's ghost (novice GrEE)
  3522 | D:5      | Noticed a hornet
  3555 | D:5      | Found a transporter.
  3559 | D:5      | Found a transporter.
  4088 | D:4      | Gained mutation: Your spells are a little harder to cast,
                  | but a little more powerful. [potion of mutation]
  4088 | D:4      | Gained mutation: You are partially covered in iridescent
                  | scales. (AC +2) [potion of mutation]
  4180 | D:4      | Got a twisted spear
  4181 | D:4      | Identified the +4 spear "Uhyt" {holy, *Noise +Blink rElec
                  | Str-3} (You found it on level 4 of the Dungeon)
  4585 | D:6      | Reached XP level 7. HP: 58/60 MP: 7/7
  4594 | D:6      | Identified the Catalogue of the Aerial Entourage
  4624 | D:6      | Lost mutation: Your spells are a little harder to cast, but
                  | a little more powerful. [potion of mutation]
  4624 | D:6      | Lost mutation: You are partially covered in iridescent
                  | scales. (AC +2) [potion of mutation]
  4624 | D:6      | Gained mutation: You are frail. (-10% HP) [potion of
                  | mutation]
  4624 | D:6      | Gained mutation: You have a pair of small horns on your
                  | head. [potion of mutation]
  4624 | D:6      | Gained mutation: You do not regenerate when monsters are
                  | visible. [potion of mutation]
  4624 | D:6      | Gained mutation: You are resistant to hostile enchantments.
                  | (MR+) [potion of mutation]
  4651 | D:6      | Reached skill level 5 in Fighting
  4689 | D:6      | Found a staircase to the Ecumenical Temple.
  4805 | D:6      | Reached skill level 1 in Short Blades
  5209 | D:7      | Reached XP level 8. HP: 55/61 MP: 8/8
  5225 | D:6      | Slain by an ogre

Levels and vault maps discovered:
D:1:      saegor_arrival_simple_e, layout_basic, moated_statue,
          serial_bayou_pond_e
D:2:      layout_basic
D:3:      layout_basic, first_ration, uniq_robin
D:4:      layout_basic, minmay_tree_intersection, chequers_big_river
D:5:      layout_loops_ring, gammafunk_ghost_hive
D:6:      layout_basic, minmay_temple_entry_waves
D:7:      layout_loops_cross, enter_bailey_3, uniq_menkaure

Skill      XL: |  1  2  3  4  5  6  7 |
---------------+----------------------+-----
Fighting       | 4 5 |  5.2
Axes           | 5 6 |  6.9
Armour         | 1 3 |  3.8
Shields        | 1 2 4 |  4.3
Dodging        | 3 |  3.2
Stealth        | 2 |  2.1
Short Blades   | 2 |  2.0

Action                   |  1- 3 |  4- 6 |  7- 9 || total
-------------------------+-------+-------+-------++-------
Melee: Hand axe          |   130 |   181 |       ||   311
       Dagger            |       |    26 |    72 ||    98
       Headbutt          |       |       |     8 ||     8
  Use: Scroll            |     6 |     6 |       ||    12
       Potion            |       |     2 |     2 ||     4
 Stab: Sleeping          |     1 |     2 |       ||     3
  Eat: Ration            |     1 |     1 |       ||     2
       Chunk             |       |     6 |     1 ||     7
Armor: Ring mail         |    35 |    39 |       ||    74
       Robe              |     1 |       |       ||     1
       Chain mail        |       |    31 |    77 ||   108
       Skin              |       |     7 |       ||     7
Dodge: Dodged            |    63 |    49 |    17 ||   129
Block: Large shield      |       |    80 |    68 ||   148
